 Dungeon Crawl Stone Soup version 0.27.1-33-g824d729ab1 (webtiles) character file.

Game seed: 7454956143226707575

50 CrazyMind the Covered (level 4, -4/35 HPs)
             Began as a Human Fighter on Dec 22, 2021.
             Slain by a gnoll (6 damage)
             ... on level 2 of the Dungeon.
             The game lasted 00:04:56 (1913 turns).

CrazyMind the Covered (Human Fighter)               Turns: 1913, Time: 00:04:56

Health: -4/35      AC:  6    Str: 17    XL:     4   Next: 4%
Magic:  4/4        EV:  7    Int:  9    God:
Gold:   37         SH:  9    Dex: 12    Spells: 3/3 levels left

rFire    . . .     SeeInvis .   a - +0 flail
rCold    . . .     Faith    .   c - +0 kite shield
rNeg     . . .     Spirit   .   b - +0 scale mail
rPois    .         Reflect  .   (no helmet)
rElec    .         Harm     .   (no cloak)
rCorr    .         Rampage  .   (no gloves)
Will     .....                  (no boots)
Stlth    ..........             (no amulet)
HPRegen  0.11/turn              (no ring)
MPRegen  0.09/turn              (no ring)

@: mighty, lethally poisoned (-4 -> -12)
A: no striking features
a: no special abilities


You were on level 2 of the Dungeon.
You visited 1 branch of the dungeon, and saw 2 of its levels.

You collected 37 gold pieces.

Inventory:

Hand Weapons
 a - a +0 flail (weapon)
Missiles
 e - 22 stones (quivered)
Armour
 b - a +0 scale mail (worn)
 c - a +0 kite shield (worn)
Scrolls
 g - a scroll of holy word {unknown}
 h - a scroll of brand weapon {unknown}
 i - 3 scrolls of teleportation {unknown}
 k - a scroll of summoning {unknown}
Potions
 j - a potion of magic


   Skills:
 + Level 3.3 Fighting
 + Level 2.4 Maces & Flails
 + Level 0.2 Throwing
 + Level 3.6 Armour
 + Level 0.1 Dodging
 + Level 3.4 Shields


You had 3 spell levels left.
You didn't know any spells.
Your spell library was empty.

Dungeon Overview and Level Annotations

Branches:
Dungeon (2/15)

Altars:

Shops:
D:1 (


Message History

The gnoll hits you with a +0 spear. The gnoll closely misses you.
You hit the gnoll.
You kill the gnoll!
You have reached level 4!
You feel clever.
You start resting.
HP restored.
You see here a +0 spear.
e - 20 stones (gained 1)
e - 21 stones (gained 1)
e - 22 stones (gained 1)
The gnoll shouts!
The gnoll hits you from afar with a +1 halberd of venom!
You are poisoned.
You feel very sick. The gnoll hits you but does no damage.
You are lethally poisoned!
You barely miss the gnoll.
You feel extremely sick. The gnoll hits you but does no damage.
You are more poisoned.
It was a potion of magic.
Magic courses through your body.
* * * LOW HITPOINT WARNING * * *
You feel very sick. You block the gnoll's attack.
You feel very mighty all of a sudden.
* * * LOW HITPOINT WARNING * * *
You feel very sick. The gnoll completely misses you.
It was a potion of curing.
You feel better. You block the gnoll's attack.
You closely miss the gnoll.
The gnoll hits you with a +1 halberd of venom.
* * * LOW HITPOINT WARNING * * *
You are lethally poisoned!
You block the gnoll's attack.
You hit the gnoll but do no damage.
* * * LOW HITPOINT WARNING * * *
You feel very sick.
The gnoll hits you with a +1 halberd of venom.
You die...

#...#........... ..#
#...............
..#####............>#
#......(####......###
..#####g# #######
#.#######
#.#.....################
#.#.....g.........#.....
#.#....@#########.#.####
#.#.....................
#.##'#.##.....#...#.####
#.## #.....##.#...#.#
#.# #.....##.#...#.# #.#
#.###.##.#...#.#### #.#
... #.##.#.<.#.....
#g##### #.##.#.#.######
#g# #.##........g..


You could see a gnoll.

Vanquished Creatures
  A gnoll (D:2)
  2 adders (D:2)
  2 worms (D:2)
  A dart slug (D:2)
  3 ball pythons
  2 endoplasms (D:1)
  2 goblins (D:1)
  A hobgoblin (D:2)
  3 frilled lizards
  A kobold (D:1)
18 creatures vanquished.

Vanquished Creatures (others)
  3 fungi (D:1)
  8 plants (D:1)
11 creatures vanquished.

Grand Total: 29 creatures vanquished

Notes
Turn   | Place    | Note
-------+----------+-------------------------------------------
     0 | D:1      | CrazyMind the Human Fighter began the quest for the Orb.
     0 | D:1      | Reached XP level 1. HP: 18/18 MP: 1/1
   230 | D:1      | Found Qixteat's Weapon Shoppe.
   553 | D:1      | Reached XP level 2. HP: 11/24 MP: 2/2
   716 | D:1      | Found a faded altar of an unknown god.
  1209 | D:2      | Reached XP level 3. HP: 27/29 MP: 3/3
  1817 | D:2      | Reached XP level 4. HP: 28/35 MP: 4/4
  1910 | D:2      | HP: 1/35 [poisoned by a gnoll]
  1913 | D:2      | Slain by a gnoll

Illustrated notes

Levels and vault maps discovered:
D:1:      amcnicky_arrival_gap_in_the_tavern_cellar, layout_basic,
          shapermc_ecumenical_altar_mp_urbaneastern, serial_shops,
          shop_fountains
D:2:      minmay_general_purpose_star, layout_basic

Action                   |  1- 3 |  4- 6 || total
-------------------------+-------+-------++-------
Melee: Flail             |    64 |     3 ||    67
Throw: Stone             |    15 |       ||    15
  Use: Potion            |       |     3 ||     3
Armor: Scale mail        |    32 |     2 ||    34
Dodge: Dodged            |    13 |     1 ||    14
Block: Kite shield       |    40 |     3 ||    43
